 Dungeon Crawl Stone Soup version 0.29.1-15-g9cfb28693d (webtiles) character file.

Game seed: 3689246725282945480

29 leafyfresh the Sneak (level 3, -7/26 HPs)
             Began as an Octopode Delver on Mar 5, 2023.
             Mangled by an iguana (10 damage)
             ... on level 5 of the Dungeon.
             The game lasted 00:00:21 (117 turns).

leafyfresh the Sneak (Octopode Delver)               Turns: 117, Time: 00:00:22

Health: -7/26      AC:  1    Str: 11    XL:     3   Next: 16%
Magic:  3/3        EV: 13    Int: 14    God:
Gold:   18         SH:  0    Dex: 13    Spells: 2/2 levels left

rFire   . . .      SeeInvis .   a - +0 short sword
rCold   . . .      Faith    .   (no shield)
rNeg    . . .      Spirit   .   (helmet restricted)
rPois   .          Reflect  .   (no amulet)
rElec   .          Harm     .   (no ring)
rCorr   .          Rampage  .   (no ring)
Will    .....                   (no ring)
Stlth   ++++......              (no ring)
HPRegen 0.08/turn               (no ring)
MPRegen 0.08/turn               (no ring)
                                (no ring)
                                (no ring)

@: no status effects
A: almost no armour, amphibious, 8 rings, camouflage 1, gelatinous body 1,
(nimble swimmer 1), tentacles
a: no special abilities


You were on level 5 of the Dungeon.
You visited 1 branch of the dungeon, and saw 2 of its levels.

You collected 18 gold pieces.

Inventory:

Hand Weapons
 a - a +0 short sword (weapon)
Wands
 f - a wand of digging (3)
Scrolls
 b - a scroll of fog
 c - a scroll of magic mapping
 d - a scroll of fear
 g - a scroll of identify {unknown}
Potions
 e - a potion of haste


   Skills:
 + Level 3.4 Fighting
 - Level 2.0 Short Blades
 + Level 2.5 Dodging
 + Level 7.0 Stealth


You had 2 spell levels left.
You didn't know any spells.
Your spell library was empty.

Dungeon Overview and Level Annotations

Branches:
Dungeon (5/15)
 Temple: D:4-7

Altars:

Shops:
D:4 *


Innate Abilities, Weirdness & Mutations

You cannot wear most types of armour.
You are amphibious.
You can wear up to eight rings at the same time.
Your skin changes colour to match your surroundings (Stealth+).
Your rubbery body absorbs attacks. (AC +1, EV +1)
((You are camouflaged when in or above water. (Stealth+)))
You have tentacles for arms and can constrict up to eight enemies at once.


Message History

Your experience leads to an increase in your attributes!
Increase (S)trength, (I)ntelligence, or (D)exterity?
You feel clever. x2
Key pressed, stopping explore.
No target in view!
HP restored.
You now have 18 gold pieces.
You open the door.
An ogre and an iguana come into view.
Found 14 gold pieces.
There is an open door here.
There are monsters nearby!
The iguana hisses angrily.
The ogre shouts!
The ogre hits you with a +0 giant club!!
Ouch! That really hurt!
* * * LOW HITPOINT WARNING * * *
You are too injured to fight recklessly!
You are too injured to fight recklessly!
You are too injured to fight recklessly!
Unknown command.
You hit the ogre.
The ogre is lightly wounded.
The ogre closely misses you.
You hit the ogre.
The ogre is lightly wounded.
The iguana bites you.
* * * LOW HITPOINT WARNING * * *
You hit the ogre.
The ogre is moderately wounded.
The iguana misses you. The ogre barely misses you.
You hit the ogre.
The ogre is moderately wounded.
The iguana bites you.
* * * LOW HITPOINT WARNING * * *
The ogre misses you.
Unknown command.
Unknown command.
Unknown command.
The iguana bites you!
You die...

###.......#.#
..........#.# #........
..........#.# ##....$...
..........#.# #.........
###.......#.# .........
###.......#.###.........
.###..........##........
.###..........##.....#.#
.<##...........'@O.....#
..............##l....###
.........##....#.....#
.........#.....#.....#
......(.)#.....#.....#
...............#.....#
......>....#####.....#
.........### #.....#
.........#


You could see an ogre and an iguana.

Vanquished Creatures
  A jelly (D:5)
1 creature vanquished.

Notes
Turn   | Place    | Note
-------+----------+-------------------------------------------
     0 | D:5      | leafyfresh the Octopode Delver began the quest for the Orb.
     0 | D:5      | Reached XP level 1. HP: 16/16 MP: 1/1
     7 | D:4      | Found Qothe Lesots's General Store.
    22 | D:5      | Noticed a jelly
    30 | D:5      | Killed a jelly
    31 | D:5      | Reached skill level 7 in Stealth
    31 | D:5      | Reached XP level 2. HP: 16/21 MP: 2/2
    31 | D:5      | Reached XP level 3. HP: 20/26 MP: 3/3
   110 | D:5      | Noticed an ogre
   117 | D:5      | Mangled by an iguana

Illustrated notes

Levels and vault maps discovered:
D:4:      layout_basic, mainiacjoe_overflow_paths, serial_shops,
          nicolae_take_the_stairs, lightli_minifort
D:5:      layout_basic, nrook_pool_corridor, minmay_misc_feat_doors,
          minmay_misc_feat_enclosed

Skill      XL: |  1 |
---------------+----+-----
Stealth        | 7 |  7.0
Fighting       | |  3.4
Short Blades   | |  2.0
Dodging        | |  2.5

Action                   || total
-------------------------++-------
Melee: Short sword       ||     6
 Stab: Sleeping          ||     1
Armor: Skin              ||     1
Dodge: Dodged            ||     4
